 Dungeon Crawl Stone Soup version 0.29-a0-284-gf9362112df (webtiles) character file.

Game seed: 4672910589200067606

129 bande the Covered (level 5, -7/33 HPs)
             Began as a Gargoyle Fighter on Mar 22, 2022.
             Mangled by Terence
             ... wielding a +0 falchion
              (9 damage)
             ... on level 3 of the Dungeon.
             The game lasted 00:04:00 (3102 turns).

bande the Covered (Gargoyle Fighter)                Turns: 3102, Time: 00:04:01

Health: -7/33      AC:  0    Str: 19    XL:     5   Next: 12%
Magic:  5/5        EV: 13    Int:  9    God:
Gold:   86         SH:  0    Dex: 11    Spells: 4/4 levels left

rFire   . . .      SeeInvis .   (weapon currently unavailable)
rCold   . . .      Faith    .   (shield currently unavailable)
rNeg    + . .      Spirit   .   (body armour currently unavailable)
rPois   ∞          Reflect  .   (helmet currently unavailable)
rElec   .          Harm     .   (cloak currently unavailable)
rCorr   .          Rampage  .   (gloves currently unavailable)
Will    .....                   (boots currently unavailable)
Stlth   +.........              (no amulet)
HPRegen 0.11/turn               (ring currently unavailable)
MPRegen 0.09/turn               (ring currently unavailable)

@: pig-form, very quick
A: fast, no casting, sickness immunity, AC +4, small, negative energy resistance
1, (electricity resistance), torment resistance 1, petrification resistance
a: no special abilities


You were on level 3 of the Dungeon.
You were a filthy swine.
You visited 1 branch of the dungeon, and saw 3 of its levels.

You collected 86 gold pieces.

Inventory:

Hand Weapons
 a - a +0 war axe of protection
 n - a +1 vampiric hand axe (melded)
Armour
 c - a +0 buckler (melded)
 g - a +0 helmet
 k - a +2 hat (melded)
 o - a +0 chain mail (melded)
Jewellery
 e - an amulet of magic regeneration
 f - a +6 ring of intelligence
 m - a +4 ring of evasion (melded)
Scrolls
 p - a scroll of fog
Potions
 b - a potion of degeneration {unknown}
 d - a potion of might
 h - 3 potions of curing
 i - a potion of cancellation {unknown}
 j - 2 potions of brilliance
 l - a potion of heal wounds {unknown}
 q - 2 potions of resistance {unknown}


   Skills:
 + Level 3.9 Fighting
 + Level 3.2 Axes
 + Level 4.3 Armour
 + Level 3.8 Shields


You had 4 spell levels left.
You didn't know any spells.
Your spell library contained the following spells:

 Spells                   Type           Power      Damage    Failure   Level
 Freeze                   Ice            0%         1d3       38%         1
 Conjure Flame            Conj/Fire      0%         6-21      77%         3
 Frozen Ramparts          Ice            0%         1d2       77%         3
 Ignite Poison            Fire/Tmut/Pois 0%         N/A       77%         3
 Ozocubu's Armour         Ice            0%         N/A       77%         3
 Hailstorm                Conj/Ice       0%         3d3       99%         4
 Sticky Flame             Conj/Fire      0%         2d3       99%         4
 Ozocubu's Refrigeration  Ice            0%         4d5       100%        7


Dungeon Overview and Level Annotations

Branches:
Dungeon (3/15)

Altars:

Annotations:
D:3 Terence


Innate Abilities, Weirdness & Mutations

You are a filthy swine.
You move quickly.
Your equipment is almost entirely melded.
You are incapable of wielding weapons or throwing items.
You cannot cast spells.
You are immune to sickness and miasma.
((Your stone body is resilient. (AC +4)))
You are immune to poison.
You resist negative energy. (rN+)
((You are resistant to electric shocks. (rElec)))
You are resistant to unholy torment.
You are immune to petrification.


Message History

There is an escape hatch in the floor here.
You reach down and open the door.
There is an open door here.
You see here the felid skeleton of Natasha.
Your transformation is almost over.
You feel less batty.
Your +1 vampiric hand axe unmelds from your body.
Your +2 hat unmelds from your body.
Your +0 buckler unmelds from your body.
Your +0 chain mail unmelds from your body.
Your +4 ring of evasion unmelds from your body.
You feel a sense of dread.
Terence zaps a wand.
You turn into a filthy swine.
Your +1 vampiric hand axe melds into your body.
Your +2 hat melds into your body.
Your +0 buckler melds into your body.
Your +0 chain mail melds into your body.
Your +4 ring of evasion melds into your body.
You feel the dreadful sensation subside.
Terence hits you with a +0 falchion!
You barely miss Terence. Terence hits you with a +0 falchion!
You hit Terence.
Terence is lightly wounded.
You hit Terence but do no damage.
Terence is lightly wounded.
Terence hits you with a +0 falchion.
You hit Terence but do no damage.
Terence is lightly wounded.
Terence hits you with a +0 falchion.
* * * LOW HITPOINT WARNING * * *
You hit Terence but do no damage.
Terence is lightly wounded.
Terence hits you with a +0 falchion.
* * * LOW HITPOINT WARNING * * *
You closely miss Terence.
Terence is lightly wounded.
Terence hits you with a +0 falchion.
* * * LOW HITPOINT WARNING * * *
You completely miss Terence.
Terence is lightly wounded.
Terence hits you with a +0 falchion!
You die...

#.# #.# #÷# #.# #.# #.#
#.#
#.#######################
#.......@h..............#
#######################.#
#.# #.# #.# #.# #.# #.##
#...


You could see Terence.

Vanquished Creatures
  Natasha (twice) (D:3)
  2 adders (D:3)
  A dart slug (D:3)
  4 orcs (D:3)
  2 ball pythons (D:1)
  2 bats
  5 endoplasms
  A giant cockroach (D:1)
  5 goblins
  6 hobgoblins (D:1)
  8 jackals (D:1)
  6 kobolds
  4 quokkas
  2 frilled lizards (D:1)
50 creatures vanquished.

Notes
Turn   | Place    | Note
-------+----------+-------------------------------------------
     0 | D:1      | bande the Gargoyle Fighter began the quest for the Orb.
     0 | D:1      | Reached XP level 1. HP: 14/14 MP: 1/1
   264 | D:1      | Reached XP level 2. HP: 18/19 MP: 2/2
   467 | D:1      | Reached XP level 3. HP: 9/24 MP: 3/3
   678 | D:1      | Found a faded altar of an unknown god.
  1948 | D:3      | Reached skill level 4 in Armour
  2080 | D:3      | Reached XP level 4. HP: 29/29 MP: 4/4
  2468 | D:3      | Noticed Natasha
  2479 | D:3      | Killed Natasha
  2611 | D:3      | Noticed Natasha
  2628 | D:3      | HP: 1/29 [Natasha (6)]
  2629 | D:3      | Killed Natasha
  2630 | D:3      | Reached XP level 5. HP: 7/33 MP: 5/5
  3021 | D:3      | Noticed Terence
  3102 | D:3      | Mangled by Terence

Illustrated notes

Levels and vault maps discovered:
D:1:      dpeg_arrival_simpleton_c, layout_loops_ring,
          ebering_ecumenical_altar_box
D:2:      layout_basic
D:3:      layout_basic, uniq_jessica, uniq_natasha, uniq_terence

Skill      XL: |  1  2  3  4 |
---------------+-------------+-----
Axes           | 2 3 |  3.2
Armour         | 4 |  4.3
Fighting       | |  3.9
Shields        | |  3.8

Action                   |  1- 3 |  4- 6 || total
-------------------------+-------+-------++-------
Melee: War axe           |    87 |    13 ||   100
       Hand axe          |       |    46 ||    46
       Unarmed           |       |     7 ||     7
  Use: Scroll            |     4 |     2 ||     6
Armor: Scale mail        |    76 |     4 ||    80
       Chain mail        |       |    23 ||    23
Dodge: Dodged            |    62 |    23 ||    85
Block: Buckler           |    27 |    11 ||    38

Table legend: (Time is in decaauts)
 A = Elapsed time spent in this place.
 B = Non-inter-level travel time spent in this place.
 C = Inter-level travel time spent in this place.
 D = Time resting spent in this place.
 E = Time spent auto-exploring this place.
 F = Levels seen in this place.
 G = Mean time per level.
                   A        B        C        D        E       F      G
               +--------+--------+--------+--------+--------+-----+--------+
         Total |   3138 |   3138 |      0 |    517 |   2106 |   3 | 1046.0 |
       Dungeon |   3138 |   3138 |      0 |    517 |   2106 |   3 | 1046.0 |
               +--------+--------+--------+--------+--------+-----+--------+

Top non-repeatable levels by time:
     D:3: 1158 daAuts
     D:1: 1110 daAuts
     D:2: 868 daAuts
